 Dungeon Crawl Stone Soup version 0.30-a0-1066-g63dfefce0d (webtiles) character file.

Game seed: 5012997543467331078

268 Pimp the Chopper (level 6, -3/76 HPs)
             Began as a Hill Orc Fire Elementalist on Apr 12, 2023.
             Was an Initiate of Cheibriados.
             Slain by Ijyb
             ... wielding a +0 spectral club
              (4 damage)
             ... on level 5 of the Dungeon.
             The game lasted 00:11:44 (3991 turns).

Pimp the Chopper (Hill Orc Fire Elementalist)       Turns: 3991, Time: 00:11:45

Health: -3/76      AC:  4    Str: 14    XL:     6   Next: 21%
Magic:  8/8        EV: 12    Int: 16    God:    Cheibriados [......]
Gold:   200        SH:  0    Dex: 12    Spells: 5/8 levels left

rFire   + . .      SeeInvis .    g - +0 hand axe
rCold   . . .      Faith    .    (no shield)
rNeg    . . .      Spirit   .    e - +0 leather armour
rPois   .          Reflect  .    w - +0 helmet
rElec   .          Rampage  .    (no cloak)
rCorr   .                        (no gloves)
Will    .....                    (no boots) Stlth
                                 (no amulet)
HPRegen 0.32/turn                f - ring of protection from fire
MPRegen 0.11/turn                (no ring)

@: berserking, very slow
A: no striking features
a: Renounce Religion


You were on level 5 of the Dungeon.
You worshipped Cheibriados.
Cheibriados was noncommittal.
You visited 1 branch of the dungeon, and saw 5 of its levels.

You collected 200 gold pieces.

Inventory:

Hand Weapons
 g - a +0 hand axe (weapon)
Armour
 a - a +0 robe
 e - a +0 leather armour (worn)
 k - a +0 scale mail
 w - a +0 helmet (worn)
Jewellery
 f - a ring of protection from fire (left hand)
Wands
 c - a wand of mindburst (14) (quivered)
 s - a wand of charming (15)
Scrolls
 d - 4 scrolls of blinking
 h - 2 scrolls of enchant weapon
 n - a scroll of vulnerability {unknown}
 o - 5 scrolls of identify
 t - a scroll of fog
 u - a scroll of amnesia {unknown}
Potions
 b - 2 potions of magic
 j - a potion of degeneration {unknown}
 m - 3 potions of cancellation
 p - a potion of haste {unknown}
 q - a potion of ambrosia {unknown}
 r - a potion of invisibility {unknown}
 v - a potion of brilliance {unknown}


   Skills:
 + Level 3.0 Fighting
 * Level 4.5 Axes
 + Level 2.7 Armour
 + Level 2.7 Dodging
 - Level 1.5 Stealth
 - Level 1.5 Spellcasting
 - Level 1.0 Conjurations
 - Level 3.2 Fire Magic


You had 5 spell levels left.
You knew the following spells:

 Your Spells              Type           Power      Damage    Failure   Level
a - Foxfire               Conj/Fire      32%        2x1d5     11%         1
b - Scorch                Fire           22%        2d6       11%         2

Your spell library contained the following spells:

 Spells                   Type           Power      Damage    Failure   Level
 Lesser Beckoning         Tloc           2%         N/A       38%         2
 Inner Flame              Hex/Fire       6%         N/A       38%         3
 Volatile Blastmotes      Fire/Tloc      12%        2d11      38%         3
 Gell's Gravitas          Tloc           1%         N/A       63%         3
 Teleport Other           Tloc           1%         N/A       63%         3
 Flame Wave               Conj/Fire      8%         2d5       73%         4


Dungeon Overview and Level Annotations

Branches:
Dungeon (5/15)
 Temple: D:4-7

Altars:
Cheibriados
Makhleb
Nemelex Xobeh
Ru

Shops:
D:2 =   D:3 (

Annotations:
D:4 1 runed translucent door, Likado's ghost, novice AtBe
D:5 Ijyb


Message History

You hear a shout! x2
Casting: Foxfire (safe; 11% risk of failure)
Confirm with . or Enter, or press ? or * to list all spells.
You don't know that spell.
Casting: Foxfire (safe; 11% risk of failure)
Confirm with . or Enter, or press ? or * to list all spells.
You conjure some foxfire!
Ijyb zaps a wand.
The mass of ice explodes!
The iceblast engulfs your foxfire! The iceblast engulfs you!
You hear a shout!
Your foxfire dissipates!
Ijyb zaps a wand.
The mass of ice explodes!
The iceblast engulfs you!!
* * * LOW HITPOINT WARNING * * *
Unknown command.
You feel better.
Ijyb zaps a wand.
The mass of ice explodes!
The iceblast engulfs you!
* * * LOW HITPOINT WARNING * * *
Unknown command.
A red film seems to cover your vision as you go berserk!
Cheibriados forces you to slow down.
You feel mighty! Ijyb hits you with a +0 spectral club.
* * * LOW HITPOINT WARNING * * *
You barely miss Ijyb. Ijyb misses you.
You closely miss Ijyb. Ijyb hits you but does no damage.
You hit Ijyb but do no damage. Ijyb hits you with a +0 spectral club.
* * * LOW HITPOINT WARNING * * *
You closely miss Ijyb. Ijyb hits you with a +0 spectral club.
* * * LOW HITPOINT WARNING * * *
You barely miss Ijyb. Ijyb hits you with a +0 spectral club.
* * * LOW HITPOINT WARNING * * *
You slash Ijyb!
Ijyb is moderately wounded.
Ijyb barely misses you.
You hit Ijyb but do no damage.
Ijyb is moderately wounded.
Ijyb hits you with a +0 spectral club.
* * * LOW HITPOINT WARNING * * *
You slash Ijyb!
Ijyb is severely wounded.
Ijyb hits you with a +0 spectral club.
You die...

#.####
#.#.# #.#
#.#.# #.#
#.#.# #.#
#.#.#
##.#
#.#.#
#..#
#.#g.
#.##
..... #.#
#@# #g#
#.#
#.####§~§
#..§...~~
####.g#.~
.... ...
..


You could see Ijyb.

Vanquished Creatures
  3 hounds
  An iguana (D:4)
  A sleepcap (D:5)
  A mummy (D:3)
  6 adders
  An ufetubus (D:4)
  5 orcs
  6 ball pythons
  5 bats
  5 endoplasms
  A giant cockroach (D:1)
  3 goblins
  4 hobgoblins
  5 kobolds
  A quokka (D:3)
  4 frilled lizards
  6 rats
58 creatures vanquished.

Vanquished Creatures (others)
  65 foxfires
65 creatures vanquished.

Grand Total: 123 creatures vanquished

Notes
Turn   | Place    | Note
-------+----------+-------------------------------------------
     0 | D:1      | Pimp the Hill Orc Fire Elementalist began the quest for the
                  | Orb.
     0 | D:1      | Reached XP level 1. HP: 14/14 MP: 3/3
    71 | D:1      | You fall into a shaft and drop 1 floor!
   220 | D:1      | Reached skill level 1 in Fighting
   220 | D:1      | Reached XP level 2. HP: 23/23 MP: 0/4
   332 | D:1      | Reached skill level 1 in Armour
   578 | D:1      | Reached skill level 1 in Axes
   675 | D:1      | Reached XP level 3. HP: 28/28 MP: 2/5
  1024 | D:2      | Learned a level 2 spell: Scorch
  1173 | D:2      | Found Qirutaas's Jewellery Shoppe.
  1200 | D:2      | Reached skill level 2 in Axes
  1559 | D:3      | Reached XP level 4. HP: 36/36 MP: 2/6
  2257 | D:3      | Found a faded altar of an unknown god.
  2344 | D:3      | Found Xoedyob's Weapon Shoppe.
  2364 | D:3      | Found a snail-covered altar of Cheibriados.
  2456 | D:3      | Reached skill level 3 in Axes
  2479 | D:3      | Became a worshipper of Cheibriados the Contemplative
  2607 | D:4      | Found a burning altar of Makhleb.
  2791 | D:4      | Found a sparkling altar of Nemelex Xobeh.
  2839 | D:4      | Found a runed translucent door.
  2881 | D:4      | Reached XP level 5. HP: 28/42 MP: 1/7
  2906 | D:4      | Noticed Likado's ghost (novice AtBe)
  3577 | D:5      | Entered Level 5 of the Dungeon
  3595 | D:5      | Reached skill level 4 in Axes
  3677 | D:5      | Found a sacrificial altar of Ru.
  3713 | D:5      | Reached XP level 6. HP: 49/50 MP: 3/8
  3971 | D:5      | Noticed Ijyb
  3988 | D:5      | HP: 3/76 [Ijyb/+0 spectral club (1)]
  3990 | D:5      | HP: 1/76 [Ijyb/+0 spectral club (3)]
  3991 | D:5      | Slain by Ijyb

Illustrated notes

Levels and vault maps discovered:
D:1:      matt_arrival_los_fun, layout_rooms, minmay_tetromino_i2
D:2:      layout_loops_ring, serial_shops, shop
D:3:      layout_rooms, slow_altar_2, basic_ecumenical_altar, serial_shops,
          nicolae_shop_temple_entry_statues_fountains, hangedman_decor_push
D:4:      layout_basic, mainiacjoe_overflow_cross_hatched,
          mainiacjoe_overflow_alcove_1, ebering_ghost_reflecting_pool
D:5:      layout_rooms, hangedman_ru_absence, minmay_temple_entry_mist,
          uniq_ijyb, uniq_blork_the_orc

Skill      XL: |  1  2  3  4  5  6 |
---------------+-------------------+-----
Fighting       | 1 2 3 |  3.0
Armour         | 1 2 |  2.7
Axes           | 1 2 3 4 |  4.5
Dodging        | 2 |  2.7
Stealth        | |  1.5
Spellcasting   | |  1.5
Conjurations   | |  1.0
Fire Magic     | |  3.2

Action                     |  1- 3 |  4- 6 || total
---------------------------+-------+-------++-------
  Melee: Unarmed           |     1 |       ||     1
         Hand axe          |    43 |    69 ||   112
         Punch             |       |     2 ||     2
   Cast: Foxfire           |    42 |     6 ||    48
         Scorch            |     3 |    32 ||    35
  Evoke: Wand              |       |     1 ||     1
    Use: Scroll            |     7 |     2 ||     9
         Potion            |     2 |     2 ||     4
 Armour: Robe              |     5 |       ||     5
         Leather armour    |    21 |    22 ||    43
  Dodge: Dodged            |    55 |    49 ||   104

Table legend: (Time is in decaauts)
 A = Elapsed time spent in this place.
 B = Non-inter-level travel time spent in this place.
 C = Inter-level travel time spent in this place.
 D = Time resting spent in this place.
 E = Time spent auto-exploring this place.
 F = Levels seen in this place.
 G = Mean time per level.
                   A        B        C        D        E       F      G
               +--------+--------+--------+--------+--------+-----+--------+
         Total |   4290 |   4227 |     63 |    934 |   2427 |   5 |  858.0 |
       Dungeon |   4290 |   4227 |     63 |    934 |   2427 |   5 |  858.0 |
               +--------+--------+--------+--------+--------+-----+--------+

Top non-repeatable levels by time:
     D:2: 1244 daAuts
     D:4: 1171 daAuts
     D:3: 769 daAuts
     D:1: 632 daAuts
     D:5: 472 daAuts
